 Dungeon Crawl Stone Soup version 0.17-a0-1534-gf98da79 (webtiles) character file.

6893 emikaela the Spear-Bearer (level 10, -8/88 HPs)
             Began as a Demigod Wanderer on July 17, 2015.
             Mangled by a spiny frog (16 damage)
             ... on level 1 of the Lair of Beasts.
             The game lasted 01:01:38 (16723 turns).

emikaela the Spear-Bearer (Demigod Wanderer)       Turns: 16723, Time: 01:01:38

Health: -8/88      AC:  4    Str: 19    XL:     10   Next: 50%
Magic:  14/14      EV: 18    Int: 19    God:
Gold:   371        SH:  0    Dex: 22    Spells: 1 memorised, 10 levels left

rFire  + . .     SeeInvis .     a - +4 trident
rCold  . . .     Clarity  .     (no armour)
rNeg   . . .     SustAt   +     (no shield)
rPois  .         Gourm    .     (no helmet)
rElec  .         Spirit   .     I - +1 cloak
rCorr  .         Warding  .     y - +0 pair of gloves {Dex+3}
rMut   .         Stasis   .     v - +0 pair of boots (curse)
MR     +....                    (no amulet)
Stlth  +++.......               G - +1 ring of slaying
                                C - ring of protection from fire

@: mighty, about to teleport, somewhat resistant to hostile enchantments, fairly
stealthy
A: high mp 1, sustain attributes
a: no special abilities


You were on level 1 of the Lair of Beasts.
You were not hungry.

You visited 2 branches of the dungeon, and saw 10 of its levels.

You collected 371 gold pieces.

Inventory:

Hand weapons
 a - a +4 trident (weapon)
 b - a +3 shortbow
 P - a +0 blowgun
Missiles
 p - 26 poisoned needles
 A - 5 needles of slowing
 K - 214 arrows
 O - 14 poisoned arrows
 S - 2 javelins of penetration (quivered)
Armour
 d - a +0 robe
 v - a cursed +0 pair of boots (worn)
 y - a +0 pair of gloves of dexterity (worn)
 I - a +1 cloak (worn)
Jewellery
 C - a ring of protection from fire (left hand)
 G - a +1 ring of slaying (right hand)
Scrolls
 g - a scroll of recharging {unknown}
 i - a scroll of fear {unknown}
 l - a scroll of random uselessness {unknown}
 o - 2 scrolls of fog
 B - 2 scrolls of remove curse
 E - 2 scrolls of teleportation
 H - a scroll of summoning
 J - a scroll of magic mapping
 Q - a scroll of blinking {unknown}
 T - 2 scrolls of noise
Potions
 q - a potion of cancellation
 r - a potion of resistance
Comestibles
 c - a slice of pizza
 f - 7 bread rations
 M - 3 chunks of flesh


   Skills:
 + Level 8.1 Fighting
 * Level 11.0 Polearms
 - Level 0.3 Armour
 - Level 6.2 Dodging
 - Level 2.6 Stealth
 - Level 1.0 Spellcasting
 - Level 2.0 Conjurations
   Level 1.0 Transmutations
 - Level 2.0 Poison Magic


You had 10 spell levels left.
You knew the following spells:

 Your Spells              Type           Power        Failure   Level  Hunger
a - Sting                 Conj/Pois      #...         10%         1    ##.....


Dungeon Overview and Level Annotations

Branches:
Dungeon (9/15)             Temple (0/1) D:5            Lair (1/8) D:8
    Orc: D:9-12

Shops:
D:8 (

Annotations:
D:3 emikaela's ghost, average DsCK


Innate Abilities, Weirdness & Mutations

You have an increased reservoir of magic (+10% MP).
Your attributes are resistant to harm.


Message History

The spiny frog poisons you!
You hit the spiny frog but do no damage.
The spiny frog is moderately wounded.
You feel sick. The spiny frog stings you!!
Drink which item? (? for menu, Esc to quit)
You feel very mighty all of a sudden.
You feel sick. The spiny frog stings you!!
* * * LOW HITPOINT WARNING * * *
The spiny frog barely misses you.
You closely miss the spiny frog.
The spiny frog is moderately wounded.
* * * LOW HITPOINT WARNING * * *
You feel sick.
Drink which item? (? for menu, Esc to quit)
You feel better. The spiny frog closely misses you. The spiny frog stings you.
* * * LOW HITPOINT WARNING * * *
Read which item? (? for menu, Esc to quit)
As you read the scroll of teleportation, it crumbles to dust.
You feel strangely unstable. The spiny frog stings you!
You die...

#...........##....##..
#......#....##....##.#
#..... #..####....##.##
#.....##..####.........
.#......................
...........##+.#........
................##......
..$......#.......#......
.......@#..###.#....#.##
......F#.......##.#...#.
.#...>. ...........##...
..#..## ........#.. #...
#..⌠. ..##.⌠.⌠. #...
.... #..#.......#..#...
#⌠. ...#...>......+.).
#.. #..#.......#..#...
#...#.⌠.⌠.##..###.


You could see a spiny frog.

Vanquished Creatures
  The ghost of mrath the Digger, an experienced GrEE (D:5)
  The ghost of mrath the Digger, an experienced GrEE (D:4)
  A deep elf mage (D:9)
  A deep elf fighter (D:8)
  A hungry ghost (D:9)
  13 yaks
  2 hippogriffs (D:8)
  Menkaure (D:6)
  Edmund (D:6)
  A water moccasin (Lair:1)
  Duvessa (D:4)
  2 sky beasts
  3 orc warriors
  4 centaurs
  5 ogres
  A phantom (D:5)
  4 giant frogs
  Dowan (D:4)
  2 scorpions
  3 killer bees (D:8)
  5 wights
  A crimson imp (D:5)
  A centaur zombie (D:8)
  A giant frog zombie (D:5)
  6 orc priests
  A jelly (D:6)
  4 iguanas
  Crazy Yiuf (D:3)
  5 hounds
  9 orc wizards
  6 worker ants
  6 sheep
  A hound skeleton (D:7)
  2 gnolls (D:8)
  15 adders
  3 river rats (D:8)
  An adder zombie (D:8)
  5 worms
  22 orcs
  8 ball pythons (D:2)
  20 bats
  6 giant cockroaches
  20 hobgoblins
  13 jackals
  7 quokkas
  3 giant geckos
  2 giant gecko zombies
  6 giant newts
  16 goblins
  16 kobolds
  26 rats
287 creatures vanquished.

Notes
Turn   | Place    | Note
--------------------------------------------------------------
     0 | D:1      | emikaela the Demigod Wanderer began the quest for the Orb.
     0 | D:1      | emikaela set off with: a +2 spear, a scroll of teleportation, Sif Muna's Tome of Intoxication, a +0 robe, a +0 dagger, a bread ration
     0 | D:1      | Reached XP level 1. HP: 17/17 MP: 4/4
     0 | D:1      | Identified Sif Muna's Tome of Intoxication
     2 | D:1      | Learned a level 1 spell: Sting
   130 | D:1      | You fall through a shaft!
   136 | D:2      | Reached skill level 1 in Poison Magic
   136 | D:2      | Reached XP level 2. HP: 22/24 MP: 5/5
   731 | D:1      | Reached XP level 3. HP: 29/29 MP: 6/6
  1589 | D:2      | Reached skill level 1 in Polearms
  2053 | D:2      | Reached XP level 4. HP: 32/36 MP: 6/8
  2164 | D:2      | Found a stormy altar of Qazlal.
  3599 | D:3      | Reached XP level 5. HP: 44/44 MP: 5/9
  3892 | D:3      | Reached skill level 3 in Polearms
  4449 | D:3      | Noticed emikaela's ghost (average DsCK)
  4588 | D:3      | Found a faded altar to an unknown god.
  4639 | D:3      | Noticed Crazy Yiuf
  4651 | D:3      | Killed Crazy Yiuf
  5547 | D:4      | Noticed mrath's ghost (experienced GrEE)
  5609 | D:4      | Noticed Duvessa
  5610 | D:4      | Noticed Dowan
  5628 | D:4      | Killed Duvessa
  5628 | D:4      | Reached skill level 4 in Polearms
  5628 | D:4      | Reached XP level 6. HP: 22/51 MP: 0/10
  5860 | D:4      | Killed Dowan
  6876 | D:4      | Killed mrath's ghost
  6876 | D:4      | Reached skill level 5 in Polearms
  6876 | D:4      | Reached XP level 7. HP: 30/60 MP: 11/11
  7126 | D:5      | Entered Level 5 of the Dungeon
  7321 | D:5      | Reached skill level 6 in Polearms
  7428 | D:5      | Noticed mrath's ghost (experienced GrEE)
  7900 | D:5      | Reached skill level 5 in Fighting
  7981 | D:5      | Found a staircase to the Ecumenical Temple.
  8343 | D:5      | Reached XP level 8. HP: 24/68 MP: 12/12
  8845 | D:5      | Killed mrath's ghost
  8845 | D:5      | Reached skill level 7 in Polearms
  9319 | D:6      | Found a sacrificial altar of Ru.
  9320 | D:6      | Noticed Edmund
  9341 | D:6      | Killed Edmund
  9664 | D:6      | Reached skill level 8 in Polearms
 10856 | D:6      | Noticed Menkaure
 10858 | D:6      | Reached XP level 9. HP: 73/75 MP: 13/13
 10875 | D:6      | Killed Menkaure
 11351 | D:6      | Upgraded the game from 0.17-a0-1533-g2f57bce to 0.17-a0-1534-gf98da79
 11556 | D:7      | Reached skill level 9 in Polearms
 12564 | D:7      | Reached skill level 5 in Dodging
 12799 | D:7      | Noticed a moth of wrath
 12802 | D:7      | Found a bloodstained altar of Trog.
 13218 | D:8      | Found a staircase to the Lair.
 13327 | D:8      | Reached skill level 10 in Polearms
 13630 | D:8      | Found Itoenol's Weapon Shoppe.
 13849 | D:8      | Found an iron altar of Okawaru.
 13857 | D:8      | Reached XP level 10. HP: 79/86 MP: 14/14
 16193 | Lair:1   | Entered Level 1 of the Lair of Beasts
 16652 | Lair:1   | Reached skill level 11 in Polearms
 16721 | Lair:1   | HP: 4/88 [poisoned by a spiny frog]
 16723 | Lair:1   | Mangled by a spiny frog

Vault maps used:
D:1:      onia_arrival_pentagram
D:2:      wad_lake_hut, grunt_qazlal_clouds, minmay_snake_closets
D:3:      ecumenical_altar_1, uniq_crazy_yiuf_cottage
D:4:      grunt_ministairs_13, uniq_duvessa
D:5:      minmay_temple_entry_junction, first_bread, serial_park_tiny_pond
D:6:      nicolae_overflow_hidden_temple, basic_altar, uniq_menkaure,
          uniq_edmund
D:7:      tgw_trog
D:8:      okawaru_altar_gauntlet_db, grunt_lair_entry_elf_guard_hut,
          serial_shops, shop
D:9:      david_orc_5, hangedman_abyss_or_decor_slice
Lair:1:   hangedman_lair_unloving_vines, lemuel_oklob_altar, grunt_megastairs_2

Action                   |  1- 3 |  4- 6 |  7- 9 | 10-12 || total
-------------------------+-------+-------+-------+-------++-------
Melee: Spear             |   104 |   278 |    43 |       ||   425
       Trident           |       |       |   471 |   223 ||   694
 Fire: Shortbow          |       |       |    13 |       ||    13
Throw: Tomahawk          |       |       |     3 |       ||     3
 Cast: Sting             |    29 |   131 |    26 |       ||   186
  Use: Scroll            |       |     6 |    12 |     1 ||    19
       Potion            |       |     6 |     4 |     4 ||    14
 Stab: Sleeping          |     7 |    13 |    14 |     3 ||    37
       Distracted        |       |       |     3 |     1 ||     4
  Eat: Chunk             |     5 |    17 |    20 |     9 ||    51
       Pizza             |       |     2 |       |       ||     2
       Beef jerky        |       |       |     1 |       ||     1
       Royal jelly       |       |       |     1 |       ||     1
